 Dungeon Crawl Stone Soup version 0.23.0 (webtiles) character file.

Game seed: 4350737165588520406

49 reaverb the Ruffian (level 3, 0/30 (31) HPs)
             Began as a Ghoul Monk on Feb 17, 2019.
             Was a Follower of Ru.
             Slain by a centaur (3 damage)
             ... on level 2 of the Dungeon.
             The game lasted 00:02:11 (1165 turns).

reaverb the Ruffian (Ghoul Monk)                    Turns: 1165, Time: 00:02:12

HP:   0/30 (31)     AC:  3    Str: 14    XL:     3   Next: 75%
MP:   2/2           EV: 12    Int:  6    God:    Ru [*.....]
Gold: 32            SH:  0    Dex: 11    Spells: 2/2 levels left

rFire    . . .     SeeInvis .     - Unarmed
rCold    + . .     Gourm    .   (no shield)
rNeg     + + +     Faith    .   a - +0 robe
rPois    ∞         Spirit   .   (no helmet)
rElec    .         Reflect  .   (no cloak)
rCorr    .         Harm     .   (no gloves)
MR       .....                  c - +0 pair of boots
Stlth    ++........             (no amulet)
HPRegen  0.00/turn              (no ring)
MPRegen  0.08/turn              (no ring)

@: rotting
A: rotting body, claws 1, carnivore, cold resistance 1, negative energy
resistance 3, inhibited regeneration, torment resistance, unbreathing, no earth
magic, no necromancy magic, no summoning magic
a: Renounce Religion


You were on level 2 of the Dungeon.
You worshipped Ru.
Ru was aware of your devotion.
You were not hungry.

You visited 1 branch of the dungeon, and saw 2 of its levels.

You collected 32 gold pieces.

Notes
Turn   | Place    | Note
-------+----------+-------------------------------------------
     0 | D:1      | reaverb the Ghoul Monk began the quest for the Orb.
     0 | D:1      | Reached XP level 1. HP: 19/19 MP: 0/0
   232 | D:1      | Reached XP level 2. HP: 26/26 MP: 1/1
   266 | D:1      | Reached skill level 4 in Unarmed Combat
   871 | D:2      | Reached XP level 3. HP: 27/31 MP: 2/2
   892 | D:2      | Found a sacrificial altar of Ru.
   900 | D:2      | Became a worshipper of Ru the Awakened
   906 | D:2      | Gained mutation: You cannot study or cast Earth magic. [Ru
                  | sacrifice]
   906 | D:2      | Gained mutation: You cannot study or cast Necromancy magic.
                  | [Ru sacrifice]
   906 | D:2      | Gained mutation: You cannot study or cast Summoning magic.
                  | [Ru sacrifice]
   906 | D:2      | Reached * piety under Ru
   946 | D:2      | Reached skill level 5 in Unarmed Combat
  1151 | D:2      | Noticed a centaur
  1164 | D:2      | Huge Dmg: 14 Dmg
  1164 | D:2      | HP: 3/30 [adder (3)]
  1165 | D:2      | Huge Dmg: 6 Dmg
  1165 | D:2      | Slain by a centaur

Inventory:

Armour
 a - a +0 robe (worn)
 c - a +0 pair of boots (worn)
Jewellery
 h - a cursed ring of teleportation {unknown}
Scrolls
 d - a scroll of identify {unknown}
 f - 2 scrolls of remove curse {unknown}
 i - a scroll of amnesia {unknown}
Potions
 e - 2 potions of curing {unknown}
 g - a potion of mutation {unknown}
 j - a potion of lignification {unknown}
Comestibles
 b - 5 rations

Table legend:
 A = Turns spent in this place as a percentage of turns spent in the entire game.
 B = Non-inter-level travel turns spent in this place as a percentage of non-inter-level travel turns spent in the entire game.
 C = Inter-level travel turns spent in this place as a percentage of turns spent in this place.
 D = Turns resting spent in this place as a percentage of non-inter-level travel turns spent in this place.
 E = Turns spent auto-exploring this place as a percentage of non-inter-level travel turns spent in this place.
 F = Non-inter-level travel turns spent in this place divided by the number of levels of this place that you've seen.
                   A       B       C       D       E      F
               +-------+-------+-------+-------+-------+----------------------
         Total | 100.0 | 100.0 |   5.0 |   3.0 |  62.7 | 553.5
       Dungeon | 100.0 | 100.0 |   5.0 |   3.0 |  62.7 | 553.5
               +-------+-------+-------+-------+-------+----------------------


   Skills:
 - Level 3.2 Fighting
 - Level 2.6 Dodging
 - Level 2.1 Stealth
 + Level 5.0 Unarmed Combat


You had 2 spell levels left.
You didn't know any spells.
Your spell library was empty.

Dungeon Overview and Level Annotations

Branches:
Dungeon (2/15)

Altars:
Ru


Innate Abilities, Weirdness & Mutations

Your body is rotting away.
You thrive on raw meat.
You are immune to poison.
You have sharp fingernails.
You are carnivorous and can eat meat at any time.
Your flesh is cold resistant. (rC+)
You are immune to negative energy. (rN+++)
You do not regenerate when monsters are visible.
You are immune to unholy pain and torment.
You can survive without breathing.
You cannot study or cast Earth magic.
You cannot study or cast Necromancy magic.
You cannot study or cast Summoning magic.

Action                   || total
-------------------------++-------
Melee: Unarmed           ||    99
       Punch             ||     2
Invok: Sacrifice Arcana  ||     1
 Stab: Sleeping          ||     1
  Eat: Chunk             ||     3
Armor: Robe              ||    19
Dodge: Dodged            ||    66


Message History

The adder barely misses you.
You barely miss the adder.
The adder is almost dead.
The adder bites you.
Damage: -4%(-1hp) hp: 55%(17hp)
You barely miss the adder.
The adder is almost dead.
The adder closely misses you.
You closely miss the adder.
The adder is almost dead.
The adder bites you.
* * * LOW HITPOINT WARNING * * *
Damage: -6%(-2hp) hp: 49%(15hp)
You claw the adder!
You kill the adder!
Your Unarmed Combat skill increases to level 5!
You see here an adder corpse.
Unknown command.
You butcher the adder corpse.
k - a chunk of flesh You see here an adder skeleton.
You start resting.
You feel your flesh rotting away.
Eating a chunk of flesh.
You eat the chunk of flesh.
You feel more resilient.
This raw flesh tastes great!
You feel your flesh rotting away.
HP restored.
k - a chunk of flesh
Things that are here:
a +0 club; an adder skeleton; a frilled lizard corpse Eating a chunk of flesh.
You eat the chunk of flesh.
You feel more resilient.
This raw flesh tastes great!
You feel your flesh rotting away.
Found a stone staircase leading down.
Found a stone staircase leading down.
A giant cockroach comes into view.
A goblin comes into view.
Found 4 javelins.
There are monsters nearby!
The goblin shouts!
An adder comes into view.
There are monsters nearby!
A centaur comes into view.
The giant cockroach bites you but does no damage.
You barely miss the giant cockroach.
The centaur shouts!
The giant cockroach barely misses you.
The adder hisses angrily.
You scratch the giant cockroach.
The giant cockroach is severely wounded.
The giant cockroach closely misses you.
You scratch the giant cockroach.
You kill the giant cockroach!
The centaur wields a +0 shortbow.
The centaur shoots an arrow.
The arrow barely misses you. The goblin closely misses you.
You completely miss the goblin. The goblin closely misses you.
You scratch the goblin but do no damage.
The centaur shoots an arrow.
The arrow closely misses you. The goblin barely misses you.
The centaur shoots an arrow.
The arrow misses you.
Lua error: /crawl-master/crawl-0.23/data/dat/dlua/macro.lua:31: [string "/dgldir/rcfiles/crawl-0.23/reaverb.rc"]:171: Cannot currently process new keys (there is pending input)
There are monsters nearby!
You closely miss the goblin. The goblin hits you. The adder bites you.
Damage: -20%(-6hp) hp: 80%(24hp)
You closely miss the adder. The adder bites you but does no damage.
The goblin barely misses you.
You closely miss the adder. The adder barely misses you.
The goblin barely misses you.
You closely miss the centaur. The adder barely misses you.
The centaur unwields a +0 shortbow.
The centaur closely misses you. The goblin misses you.
You scratch the centaur.
The centaur is moderately wounded.
The adder bites you but does no damage. The centaur closely misses you.
There are monsters nearby!
You scratch the centaur but do no damage.
The centaur is moderately wounded.
The adder barely misses you. The centaur barely misses you.
The goblin hits you. The adder bites you but does no damage.
Damage: -3%(-1hp) hp: 77%(23hp)
You scratch the centaur.
The centaur is heavily wounded.
The centaur hits you. The goblin hits you. The centaur hits you!
* * * LOW HITPOINT WARNING * * *
The adder barely misses you.
Huge Dmg: -47%(-14hp) hp: 30%(9hp)
You are too injured to fight recklessly!
Unknown command.
Unknown command.
You scratch the centaur.
The centaur is heavily wounded.
The centaur hits you.
* * * LOW HITPOINT WARNING * * *
The goblin misses you. The adder bites you.
* * * LOW HITPOINT WARNING * * *
Huge Dmg: -20%(-6hp) hp: 10%(3hp)
You barely miss the centaur.
The centaur is heavily wounded.
The centaur hits you.
You die...

### .. ... ....
(#.... ...#.#...
.......###
#.#.>!.... #.#.....#
##.#S....# #..@g.###
##########...c...#
#...#....÷..(....#
#.#.#.###.######.##.
#.#.#.# #.#..# #>.
#.#.#.# #.#..# #.
#.#.#.###.#..# 8
#.#.#...#.#..#####
#.#.###.#.#......#


You could see a centaur, an adder and a goblin.

Table legend:
 A = Kills in this place as a percentage of kills in entire the game.
 B = Kills by you in this place as a percentage of kills by you in the entire game.
 C = Kills by friends in this place as a percentage of kills by friends in the entire game.
 D = Other kills in this place as a percentage of other kills in the entire game.
 E = Experience gained in this place as a percentage of experience gained in the entire game.
 F = Experience gained in this place divided by the number of levels of this place that you have seen.
                   A       B       C       D       E      F
               +-------+-------+-------+-------+-------+----------------------
         Total | 100.0 | 100.0 |   N/A |   N/A | 100.0 |  35.0
       Dungeon | 100.0 | 100.0 |   N/A |   N/A | 100.0 |  35.0
               +-------+-------+-------+-------+-------+----------------------

Vanquished Creatures
  2 adders (D:2)
  A ball python (D:1)
  4 giant cockroaches
  6 goblins
  5 hobgoblins
  2 kobolds (D:1)
  A bat (D:1)
  A frilled lizard (D:2)
  7 rats
29 creatures vanquished.
